 Dungeon Crawl Stone Soup version 0.20.0-15-g7f486f2 (webtiles) character file.

422 ANON1729 the Destroyer (level 6, -3/33 HPs)
             Began as a Tengu Conjurer on June 22, 2017.
             Killed by nerve-wracking pain
             ... invoked by a shadow imp
             ... summoned by Eustachio
              (13 damage)
             ... on level 5 of the Dungeon.
             The game lasted 00:15:59 (3405 turns).

ANON1729 the Destroyer (Tengu Conjurer)             Turns: 3405, Time: 00:16:03

Health: -3/33      AC:  2    Str:  8      XL:     6   Next: 95%
Magic:  3/12       EV: 13    Int: 18      God:
Gold:   301        SH:  0    Dex: 10 (14) Spells: 9/12 levels left

rFire    . . .     SeeInvis .   u - +1 dagger (holy)
rCold    . . .     Gourm    .   (no shield)
rNeg     . . .     Faith    .   a - +0 robe
rPois    .         Spirit   .   (helmet restricted)
rElec    .         Reflect  .   (no cloak)
rCorr    .         Harm     .   (no gloves)
MR       .....                  (boots unavailable)
Stlth    ++........             v - amulet of regeneration
Regen    0.6/turn               (no ring)
MPRegen  0.2/turn               (no ring)

@: no status effects
A: beak, talons 3, able to fly 1
a: Fly


You were on level 5 of the Dungeon.
You were not hungry.

You visited 1 branch of the dungeon, and saw 5 of its levels.
You also visited: Ossuary.

You collected 301 gold pieces.

Inventory:

Hand Weapons
 u - a +1 dagger of holy wrath (weapon)
 y - a +0 short sword
Armour
 a - a +0 robe (worn)
Jewellery
 p - an uncursed ring of ice
 v - an amulet of regeneration (around neck)
Scrolls
 d - 2 scrolls of random uselessness
 i - a scroll of fear {unknown}
 j - a scroll of fog {unknown}
 q - a scroll of noise {unknown}
 s - a scroll of amnesia {unknown}
 t - a scroll of blinking
 w - a scroll of teleportation {unknown}
 x - a scroll of immolation {unknown}
 B - a scroll of summoning {unknown}
Potions
 e - a potion of magic
 g - 2 potions of might
 h - a potion of curing
 l - a potion of haste {unknown}
 n - 3 potions of brilliance
 o - 2 potions of agility
 z - a potion of invisibility {unknown}
 A - 3 potions of lignification
 C - 2 potions of heal wounds
Books
 b - a book of Conjurations

   Spells                             Type                      Level
   a - Magic Dart                     Conjuration                  1
   b - Searing Ray                    Conjuration                  2
   c - Dazzling Spray                 Conjuration/Hexes            3
   d - Fulminant Prism                Conjuration/Hexes            4
   e - Force Lance                    Conjuration/Translocation    4
   f - Iskenderun's Mystic Blast      Conjuration                  4
Comestibles
 c - a bread ration
 f - 2 royal jellies
 k - a meat ration


   Skills:
 + Level 0.8 Fighting
 + Level 0.9 Short Blades
 + Level 3.3 Dodging
 + Level 3.6 Stealth
 + Level 3.5 Spellcasting
 + Level 8.0 Conjurations


You had 9 spell levels left.
You knew the following spells:

 Your Spells              Type           Power        Failure   Level  Hunger
a - Magic Dart            Conj           ####         1%          1    None
b - Searing Ray           Conj           ####..       1%          2    ##.....


Dungeon Overview and Level Annotations

Branches:
Dungeon (5/15)
 Temple: D:4-7

Altars:
Fedhas
Kikubaaqudgha
Makhleb

Annotations:
D:2 Sigmund
D:4 Dowan, Duvessa
D:5 Eustachio


Innate Abilities, Weirdness & Mutations

You have a beak for a mouth.
You have claws for feet.
You can fly.


Message History

You kill the quasit!
The searing ray hits Eustachio.
Eustachio is heavily wounded.
Eustachio hits you but does no damage.
The searing ray hits Eustachio.
Eustachio is severely wounded.
You finish channeling your searing ray.
Eustachio hits you with a rapier!
Casting: Searing Ray
Confirm with . or Enter, or press ? or * to list all spells.
Aiming: Searing Ray
Press: ? - help, Shift-Dir - straight line, f/p - Eustachio
Aim: Eustachio, wielding a rapier and wearing a leather armour (severely wounded)
Okay, then.
You hit Eustachio. Your peck misses Eustachio.
Eustachio is severely wounded.
Eustachio casts a spell.
Eustachio blinks!
The shadow imp gestures at you. Pain shoots through your body!
You die...

........... .###
.
.....)..@###.>..#
..
#.......$.......#
##.
.#.#...#'#.....
#... #.#...#.#
...
...?.#.#.###.###
.
......rr.#..5..#
....r.@r.###ยง###
....r......#@#
.......#...###
.......#......
.......####(..g.
....... .....
.....#. ..g.
#!..##. ####


You could see Eustachio and a shadow imp.

Vanquished Creatures
  A necrophage (D:5)
  A centaur (D:2)
  An orc priest (D:4)
  8 mummies (Ossuary)
  5 adders
  2 gnolls (D:5)
  3 worms
  A dart slug (D:1)
  A leopard gecko (D:3)
  3 orcs
  6 bats
  2 giant cockroaches (D:2)
  A gnoll zombie (Ossuary)
  2 goblins
  5 hobgoblins
  2 jackals (D:3)
  3 quokkas
  3 frilled lizards (D:1)
  2 hobgoblin zombies (Ossuary)
  3 kobolds
  2 kobold zombies (Ossuary)
  3 orc zombies (Ossuary)
  6 rats
66 creatures vanquished.

Notes
Turn   | Place    | Note
-------+----------+-------------------------------------------
     0 | D:1      | ANON1729 the Tengu Conjurer began the quest for the Orb.
     0 | D:1      | Reached XP level 1. HP: 10/10 MP: 4/4
   131 | D:1      | Reached XP level 2. HP: 15/15 MP: 3/6
   317 | D:1      | Reached skill level 6 in Conjurations
   875 | D:2      | Reached XP level 3. HP: 9/19 MP: 3/7
  1293 | D:2      | Found an ancient bone altar of Kikubaaqudgha.
  1344 | D:2      | Learned a level 2 spell: Searing Ray
  1617 | D:2      | Noticed Sigmund
  1768 | D:2      | Noticed a centaur
  1771 | D:2      | Killed a centaur
  1771 | D:2      | Reached skill level 7 in Conjurations
  1771 | D:2      | Reached XP level 4. HP: 20/24 MP: 3/9
  1771 | D:2      | Gained mutation: You can fly. [Tengu growth]
  1771 | D:2      | Reached XP level 5. HP: 23/28 MP: 3/10
  1877 | D:3      | Found a blossoming altar of Fedhas.
  2180 | D:3      | Found a burning altar of Makhleb.
  2627 | D:4      | Noticed Duvessa
  2627 | D:4      | Noticed Dowan
  2683 | D:5      | Entered Level 5 of the Dungeon
  2683 | D:5      | Noticed Eustachio
  2683 | D:5      | Noticed a necrophage
  2691 | D:5      | Found a sand-covered staircase.
  2697 | D:5      | Killed a necrophage
  2697 | D:5      | Reached XP level 6. HP: 18/32 MP: 1/11
  2709 | Ossuary  | Entered an ossuary
  3093 | Ossuary  | Reached skill level 8 in Conjurations
  3405 | D:5      | Killed from afar by a shadow imp

Skill      XL: |  1  2  3  4  5  6 |
---------------+-------------------+-----
Conjurations   | 6 7 8 |  8.0
Dodging        | 3 |  3.3
Stealth        | 3 |  3.6
Spellcasting   | 3 |  3.5
Fighting       | |  0.8
Short Blades   | |  0.9

Action                   |  1- 3 |  4- 6 || total
-------------------------+-------+-------++-------
Melee: Unarmed           |    13 |       ||    13
       Kick              |     4 |    17 ||    21
       Peck              |     3 |     7 ||    10
       Dagger            |       |    62 ||    62
 Cast: Magic Dart        |    52 |    48 ||   100
       Searing Ray       |     4 |    17 ||    21
  Use: Potion            |       |     4 ||     4
       Scroll            |       |     7 ||     7
 Stab: Sleeping          |     1 |       ||     1
       Distracted        |       |     1 ||     1
  Eat: Chunk             |     4 |     3 ||     7
       Bread ration      |       |     1 ||     1
Armor: Robe              |     5 |    12 ||    17
Dodge: Dodged            |    13 |    60 ||    73
